 Dungeon Crawl Stone Soup version 0.21-a0-176-gb3d4b37 (webtiles) character file.

98 Gorglomux the Skirmisher (level 4, 0/40 HPs)
             Began as a Hill Orc Wizard on Aug 8, 2017.
             Slain by an adder (2 damage)
             ... on level 3 of the Dungeon.
             The game lasted 00:07:37 (3580 turns).

Gorglomux the Skirmisher (Hill Orc Wizard)          Turns: 3580, Time: 00:07:37

Health: 0/40       AC:  3    Str: 15    XL:     4   Next: 69%
Magic:  5/7        EV: 17    Int: 18    God:
Gold:   106        SH:  0    Dex: 14    Spells: 4/7 levels left

rFire    + . .     SeeInvis .   I - +0 war axe
rCold    + . .     Gourm    .   (no shield)
rNeg     . . .     Faith    .   a - +0 robe
rPois    +         Spirit   .   C - +0 helmet
rElec    +         Reflect  .   (no cloak)
rCorr    +         Harm     .   (no gloves)
MR       .....                  (no boots)
Stlth    +++.......             (no amulet)
HPRegen  0.13/turn              (no ring)
MPRegen  0.10/turn              (no ring)

@: mighty, agile, lethally poisoned (0 -> -9), resistant
A: no striking features
a: no special abilities


You were on level 3 of the Dungeon.
You were not hungry.

You visited 1 branch of the dungeon, and saw 3 of its levels.

You collected 106 gold pieces.

Inventory:

Hand Weapons
 i - a +0 hand axe
 I - a +0 war axe (weapon)
Armour
 a - a +0 robe (worn)
 C - a +0 helmet (worn)
 F - a +0 chain mail
Scrolls
 l - 3 scrolls of teleportation {unknown}
 p - a scroll of enchant weapon {unknown}
 q - 4 scrolls of identify {unknown}
 s - a scroll of remove curse
 G - 5 scrolls of magic mapping {unknown}
Potions
 k - a potion of agility
 r - a potion of flight {unknown}
 B - a potion of curing {unknown}
 E - a potion of invisibility {unknown}
 J - a potion of ambrosia {unknown}
Books
 c - a book of Minor Magic

   Spells                             Type                      Level
   a - Magic Dart                     Conjuration                  1
   b - Blink                          Translocation                2
   c - Call Imp                       Summoning                    2
   d - Slow                           Hexes                        2
   e - Conjure Flame                  Conjuration/Fire             3
   f - Mephitic Cloud                 Conjuration/Poison/Air       3
Comestibles
 d - 3 bread rations
 f - 3 royal jellies
 z - a meat ration


   Skills:
 + Level 3.9 Fighting
 + Level 3.1 Axes
 - Level 1.5 Dodging
 - Level 1.5 Stealth
 - Level 2.4 Spellcasting
 - Level 1.0 Conjurations
 - Level 1.0 Summonings
   Level 0.7 Translocations


You had 4 spell levels left.
You knew the following spells:

 Your Spells              Type           Power        Failure   Level  Hunger
a - Magic Dart            Conj           #...         12%         1    #......
b - Call Imp              Summ           #.......     17%         2    ##.....


Dungeon Overview and Level Annotations

Branches:
Dungeon (3/15)

Altars:
Ashenzari
Gozag
Trog


Message History

* * * don't die
* * * You feel sick!
The adder misses you!
A giant cockroach comes into view!
Butt command!
It was a potion of agility!
You feel agile all of a sudden! * * * don't die
* * * You feel sick!
The adder misses you!
Your crimson imp blinks!!!
Unknown butt!
It was a potion of resistance!
You feel protected! * * * don't die
* * * You feel sick!
The adder misses you!
Unknown command!
It was a potion of might!
You feel very mighty all of a sudden! * * * butt't die
* * * You feel sick!
The adder butt-ly misses you! The adder bites you! rip

# ###### # .# ######
#....# .#
.###....####.##.###.####
...................>....
.###....#........S..s...
................@#.
.............5..........
.......................#
..###.###.####.#.#.###.#
..###.##.............
..(....#..####.#.###..
#####..#..# #.#.# .#.
.......# #.#.# #
........(


You could see an adder, a giant cockroach and a friendly crimson imp.

Vanquished Creatures
  A gnoll (D:3)
  An adder (D:2)
  A dart slug (D:1)
  A leopard gecko (D:3)
  An orc (D:3)
  8 bats
  5 giant cockroaches
  8 goblins
  6 hobgoblins (D:1)
  6 jackals
  3 frilled lizards
  11 kobolds
  9 rats
61 creatures vanquished.

Vanquished Creatures (collateral kills)
  A gnoll (D:2)
  A worm (D:3)
  4 orcs (D:3)
  A jackal (D:3)
7 creatures vanquished.

Grand Total: 68 creatures vanquished

Notes
Turn   | Place    | Note
-------+----------+-------------------------------------------
     0 | D:1      | Gorglomux the Hill Orc Wizard began the quest for the Orb.
     0 | D:1      | Reached XP level 1. HP: 14/14 MP: 3/3
     6 | D:1      | Noticed a five-headed hydra
     7 | D:1      | Noticed a hog
     7 | D:1      | Noticed a black bear
   161 | D:1      | Reached skill level 1 in Fighting
   592 | D:1      | Reached XP level 2. HP: 21/24 MP: 1/5
   867 | D:1      | Reached skill level 1 in Axes
   894 | D:1      | Reached XP level 3. HP: 14/30 MP: 0/6
  1417 | D:1      | Reached skill level 3 in Fighting
  1878 | D:2      | Found a shattered altar of Ashenzari.
  2096 | D:2      | Reached XP level 4. HP: 33/38 MP: 4/7
  2138 | D:2      | Found an opulent altar of Gozag.
  2315 | D:2      | Learned a level 2 spell: Call Imp
  2316 | D:2      | Found a bloodstained altar of Trog.
  3105 | D:2      | Reached skill level 3 in Axes
  3580 | D:3      | HP: 2/40 [poisoned by an adder]
  3580 | D:3      | Slain by an adder

Vault maps used:
D:1:      onia_arrival_zoo_common
D:2:      marbit_many_paths, ashenzari_conservatory_becter,
          nicolae_gozag_cash_rules_everything_around_me
D:3:      vehumet_crystals, grunt_ministairs_6

Skill      XL: |  1  2  3  4 |
---------------+-------------+-----
Fighting       | 1 2 3 |  3.9
Axes           | 1 2 3 |  3.1
Dodging        | |  1.5
Stealth        | |  1.5
Spellcasting   | |  2.4
Conjurations   | |  1.0
Summonings     | |  1.0
Translocations | |  0.7

Action                   |  1- 3 |  4- 6 || total
-------------------------+-------+-------++-------
Melee: Whip              |    33 |       ||    33
       Unarmed           |     2 |       ||     2
       Hand axe          |   124 |    43 ||   167
       War axe           |       |    24 ||    24
 Cast: Magic Dart        |    47 |    13 ||    60
       Call Imp          |       |    14 ||    14
  Use: Scroll            |     2 |       ||     2
       Potion            |     1 |     3 ||     4
 Stab: Sleeping          |     1 |       ||     1
       Distracted        |       |     1 ||     1
  Eat: Chunk             |     4 |     6 ||    10
Armor: Robe              |    42 |    15 ||    57
Dodge: Dodged            |   137 |    74 ||   211
